 Dungeon Crawl Stone Soup version 0.26-a0-690-gcb57259078 (webtiles) character file.

Game seed: 5482678061946303316

3318 Gargoyl the Fighter (level 10, 0/80 HPs)
             Began as a Gnoll Abyssal Knight on Oct 24, 2020.
             Was an Elder of Lugonu.
             Slain by Joseph
             ... wielding a +4 spectral quarterstaff
              (3 damage)
             ... on level 8 of the Dungeon.
             The game lasted 00:12:00 (9367 turns).

Gargoyl the Fighter (Gnoll Abyssal Knight)          Turns: 9367, Time: 00:12:00

Health: 0/80       AC: 16    Str: 16    XL:     10   Next: 2%
Magic:  17/17      EV:  7    Int: 14    God:    Lugonu [****..]
Gold:   368        SH:  5    Dex: 17    Spells: 18/18 levels left

rFire    + . .     SeeInvis .   u - +1 war axe
rCold    . . .     Faith    .   n - +0 buckler
rNeg     + . .     Spirit   .   B - +0 plate armour
rPois    .         Reflect  .   g - +2 helmet
rElec    .         Harm     .   y - +0 cloak
rCorr    .         Rampage  .   c - +2 pair of gloves
MR       .....                  (no boots)
Stlth    ..........             (no amulet)
HPRegen  0.23/turn              f - ring of protection from fire
MPRegen  0.15/turn              i - ring of positive energy

@: corroded
A: distributed training, fangs 1, strong nose
a: Depart the Abyss, Bend Space, Banish, Corrupt, Renounce Religion


You were on level 8 of the Dungeon.
You worshipped Lugonu.
Lugonu was greatly pleased with you.
You visited 1 branch of the dungeon, and saw 8 of its levels.
You visited the Abyss 1 time.
You also visited: Sewer.

You collected 474 gold pieces.
You spent 106 gold pieces at shops.

Inventory:

Hand Weapons
 a - a +1 hand axe
 l - a +1 mace of holy wrath
 u - a +1 war axe (weapon)
Missiles
 t - 21 poisoned darts (quivered)
Armour
 c - a +2 pair of gloves (worn)
 g - a +2 helmet (worn)
 n - a +0 buckler (worn)
 y - a +0 cloak (worn)
 B - a +0 plate armour (worn)
Jewellery
 f - a ring of protection from fire (left hand)
 i - a ring of positive energy (right hand)
 k - an uncursed ring of protection from fire
Wands
 x - a wand of iceblast (7)
Scrolls
 e - 3 scrolls of fear
 j - 8 scrolls of teleportation
 m - 4 scrolls of magic mapping
 o - 6 scrolls of remove curse
 s - a scroll of identify
 w - a scroll of fog
 A - 2 scrolls of blinking
Potions
 b - a potion of stabbing
 d - a potion of haste
 h - a potion of cancellation
 p - 4 potions of magic
 q - 3 potions of curing
 r - 4 potions of heal wounds
 v - 6 potions of might
 z - a potion of ambrosia
 C - a potion of lignification
 D - a potion of mutation {unknown}


   Skills:
 + Level 8.2 Fighting
 + Level 4.8 Short Blades
 + Level 4.8 Long Blades
 + Level 6.7 Axes
 + Level 4.8 Maces & Flails
 + Level 4.8 Polearms
 + Level 4.8 Staves
 + Level 4.8 Slings
 + Level 4.8 Bows
 + Level 4.8 Crossbows
 + Level 4.8 Throwing
 + Level 6.7 Armour
 + Level 5.5 Dodging
 + Level 4.8 Stealth
 + Level 4.8 Shields
 + Level 4.8 Unarmed Combat
 + Level 4.8 Spellcasting
 + Level 4.0 Conjurations
 + Level 4.0 Hexes
 + Level 4.0 Summonings
 + Level 4.0 Necromancy
 + Level 4.0 Translocations
 + Level 4.0 Transmutations
 + Level 4.0 Fire Magic
 + Level 4.0 Ice Magic
 + Level 4.0 Air Magic
 + Level 4.0 Earth Magic
 + Level 4.0 Poison Magic
 + Level 7.1 Invocations
 + Level 4.8 Evocations


You had 18 spell levels left.
You didn't know any spells.
Your spell library contained the following spells:

 Spells                   Type           Power        Failure   Level
 Haunt                    Necr/Summ      ##........   100%        7
 Borgnjor's Revivificati  Necr           ##........   100%        8
 Infestation              Necr           ##........   100%        8
 Necromutation            Tmut/Necr      ##........   100%        8
 Death's Door             Necr           ##........   100%        9


Dungeon Overview and Level Annotations

Branches:
Dungeon (8/15)             Temple (0/1) D:7           Sewer (visited)
   Lair: D:8-11

Altars:
Gozag
Sif Muna
Zin

Shops:
D:4 !   D:6 !

Annotations:
D:8 Joseph


Innate Abilities, Weirdness & Mutations

Your experience applies equally to all skills.
You have very sharp teeth.
Your uncanny sense of smell can sniff out nearby items.


Message History

You hit the spectral weapon.
Joseph shares his spectral weapon's damage!
Joseph hits you with a +4 spectral quarterstaff!
You block the spectral weapon's attack.
You closely miss Joseph.
Joseph is heavily wounded.
You miss the spectral weapon. Joseph hits you but does no damage.
The spectral weapon hits you but does no damage.
You hit Joseph but do no damage.
Joseph is heavily wounded.
You slash the spectral weapon!
Joseph shares his spectral weapon's damage!
The spectral weapon fades away.
Joseph zaps a wand.
The bolt of acid hits you!
* * * LOW HITPOINT WARNING * * *
You are splashed with acid!
* * * LOW HITPOINT WARNING * * *
Joseph draws out his weapon's spirit!
Joseph hits you with a +4 spectral quarterstaff.
You die...

....# .....#
.....# ..[.
#########...
..........#
..........#
..$....<..#
........@.+
.........@#
#+#######.(.
..().
.....#∆
....(#
.....#
.....#


You could see Joseph (very poisoned) and a +4 spectral quarterstaff (summoned).

Vanquished Creatures
  The ghost of Kinoniko the Nimble, a novice HaMo of Wu Jian (D:6)
  A komodo dragon (D:7)
  Prince Ribbit (D:5)
  A basilisk (D:7)
  A steam dragon (D:7)
  A water moccasin (D:7)
  A sky beast (D:3)
  4 ogres
  4 centaurs
  2 bullfrogs (Sewer)
  A scorpion (D:6)
  3 wights (D:6)
  A howler monkey (D:7)
  3 hounds
  A centaur zombie (D:7)
  5 orc priests
  5 orc wizards
  4 iguanas
  4 worker ants
  Ijyb (D:5)
  Natasha (D:3)
  14 adders
  4 gnolls (D:6)
  5 river rats (Sewer)
  A shadow imp (D:7)
  2 white imps
  2 oozes
  An adder skeleton (D:4)
  3 worms
  4 leopard geckos
  35 orcs
  10 bats
  3 giant cockroaches
  2 goblins
  4 hobgoblins
  4 jackals (D:5)
  2 quokkas
  14 ball pythons
  11 frilled lizards
  7 kobolds
  36 rats
210 creatures vanquished.

Vanquished Creatures (others)
  4 plants (D:7)
4 creatures vanquished.

Grand Total: 214 creatures vanquished

Notes
Turn   | Place    | Note
-------+----------+-------------------------------------------
     0 | Abyss:1  | Gargoyl the Gnoll Abyssal Knight began the quest for the
                  | Orb.
     0 | Abyss:1  | Reached XP level 1. HP: 23/23 MP: 3/3
    18 | Abyss:1  | Noticed a large abomination
    70 | Abyss:1  | Noticed a ynoxinul
    91 | Abyss:1  | Noticed a sky beast
   102 | D:1      | Escaped the Abyss
   173 | D:1      | Reached * piety under Lugonu
   369 | D:1      | Reached XP level 2. HP: 26/29 MP: 5/5
  1095 | D:2      | Reached XP level 3. HP: 35/35 MP: 6/6
  1427 | D:2      | Found a faded altar of an unknown god.
  1673 | D:2      | Reached skill level 1 in Short Blades
  1673 | D:2      | Reached skill level 1 in Long Blades
  1673 | D:2      | Reached skill level 1 in Maces & Flails
  1673 | D:2      | Reached skill level 1 in Polearms
  1673 | D:2      | Reached skill level 1 in Staves
  1673 | D:2      | Reached skill level 1 in Slings
  1673 | D:2      | Reached skill level 1 in Bows
  1673 | D:2      | Reached skill level 1 in Crossbows
  1673 | D:2      | Reached skill level 1 in Throwing
  1673 | D:2      | Reached skill level 1 in Stealth
  1673 | D:2      | Reached skill level 1 in Shields
  1673 | D:2      | Reached skill level 1 in Unarmed Combat
  1673 | D:2      | Reached skill level 1 in Spellcasting
  1673 | D:2      | Reached skill level 1 in Evocations
  1791 | D:3      | Reached XP level 4. HP: 35/41 MP: 7/7
  1807 | D:3      | Reached skill level 1 in Conjurations
  1807 | D:3      | Reached skill level 1 in Hexes
  1807 | D:3      | Reached skill level 1 in Summonings
  1807 | D:3      | Reached skill level 1 in Necromancy
  1807 | D:3      | Reached skill level 1 in Translocations
  1807 | D:3      | Reached skill level 1 in Transmutations
  1807 | D:3      | Reached skill level 1 in Fire Magic
  1807 | D:3      | Reached skill level 1 in Ice Magic
  1807 | D:3      | Reached skill level 1 in Air Magic
  1807 | D:3      | Reached skill level 1 in Earth Magic
  1807 | D:3      | Reached skill level 1 in Poison Magic
  2259 | D:3      | Reached XP level 5. HP: 40/47 MP: 8/8
  2323 | D:3      | Reached ** piety under Lugonu
  2325 | D:3      | Noticed a sky beast
  2364 | D:3      | Killed a sky beast
  2364 | D:3      | Reached skill level 5 in Invocations
  2364 | D:3      | Reached XP level 6. HP: 21/53 MP: 9/9
  2835 | D:3      | Noticed Natasha
  2842 | D:3      | Killed Natasha
  2842 | D:3      | Reached skill level 5 in Axes
  2842 | D:3      | Reached skill level 5 in Armour
  2990 | D:4      | Found an opulent altar of Gozag.
  2991 | D:4      | Found a glowing silver altar of Zin.
  3267 | D:4      | Found Gamam's Distillery.
  3279 | D:4      | Bought a potion of curing for 36 gold pieces
  3373 | D:4      | Reached XP level 7. HP: 20/59 MP: 10/10
  3404 | D:4      | Found a glowing drain.
  3408 | Sewer    | Entered a sewer
  3699 | Sewer    | Reached skill level 7 in Fighting
  3833 | Sewer    | Reached *** piety under Lugonu
  4325 | D:4      | Reached **** piety under Lugonu
  4410 | D:4      | Found a shimmering blue altar of Sif Muna.
  4506 | D:5      | Entered Level 5 of the Dungeon
  4577 | D:5      | Noticed Ijyb
  4590 | D:5      | Killed Ijyb
  4798 | D:5      | Reached XP level 8. HP: 65/67 MP: 12/12
  5100 | D:5      | Noticed Prince Ribbit
  5129 | D:5      | Killed Prince Ribbit
  6082 | D:6      | Reached XP level 9. HP: 62/72 MP: 14/14
  6303 | D:6      | Found a runed translucent gate.
  6317 | D:6      | Found a runed translucent gate.
  6317 | D:6      | Found a runed translucent gate.
  6324 | D:6      | Noticed Kinoniko's ghost (novice HaMo)
  6359 | D:6      | Killed Kinoniko's ghost
  6772 | D:6      | Found Usanoj's Distillery.
  6780 | D:6      | Bought a potion of heal wounds for 70 gold pieces
  7074 | D:7      | Reached skill level 5 in Dodging
  7311 | D:7      | Reached skill level 8 in Fighting
  7596 | D:7      | Found a staircase to the Ecumenical Temple.
  7726 | D:7      | Found Rimecumo's Book Boutique.
  8903 | D:7      | Noticed a komodo dragon
  8940 | D:7      | Killed a komodo dragon
  8940 | D:7      | Reached XP level 10. HP: 12/80 MP: 17/17
  9352 | D:8      | Noticed Joseph
  9367 | D:8      | HP: 3/80 [acid (11)]
  9367 | D:8      | Slain by Joseph

Illustrated notes

Levels and vault maps discovered:
D:1:      sevenhm_arrival_forest_fort_small_6, layout_basic
D:2:      layout_loops_ring, chequers_ecumenical_altar_simple_redux
D:3:      layout_basic, uniq_natasha
D:4:      layout_rooms, grunt_temple_overflow_gold_and_silver, serial_shops,
          shop, lightli_sewer_entry_pipes, amethyst_killhole,
          kennysheep_minor_cross, lemuel_blue_sif_altar
D:5:      wander_river, layout_gridville, uniq_prince_ribbit1, uniq_ijyb
D:6:      layout_basic, serial_shops, shop, ebering_ghost_rock_garden,
          skrybe_limestone_x, grunt_decor_mini_mirrors
D:7:      layout_basic, minmay_temple_entry_ruins, serial_shops, shop_statue,
          minmay_statues_item, minmay_lizard_king
D:8:      layout_gridville, david_lair_generic, elyvilon_altar_4, uniq_pikel,
          uniq_joseph

Skill      XL: |  1  2  3  4  5  6  7  8  9 |
---------------+----------------------------+-----
Short Blades   | 1 2 3 4 |  4.8
Long Blades    | 1 2 3 4 |  4.8
Maces & Flails | 1 2 3 4 |  4.8
Polearms       | 1 2 3 4 |  4.8
Staves         | 1 2 3 4 |  4.8
Slings         | 1 2 3 4 |  4.8
Bows           | 1 2 3 4 |  4.8
Crossbows      | 1 2 3 4 |  4.8
Throwing       | 1 2 3 4 |  4.8
Stealth        | 1 2 3 4 |  4.8
Shields        | 1 2 3 4 |  4.8
Unarmed Combat | 1 2 3 4 |  4.8
Spellcasting   | 1 2 3 4 |  4.8
Evocations     | 1 2 3 4 |  4.8
Conjurations   | 1 2 3 4 |  4.0
Hexes          | 1 2 3 4 |  4.0
Summonings     | 1 2 3 4 |  4.0
Necromancy     | 1 2 3 4 |  4.0
Translocations | 1 2 3 4 |  4.0
Transmutations | 1 2 3 4 |  4.0
Fire Magic     | 1 2 3 4 |  4.0
Ice Magic      | 1 2 3 4 |  4.0
Air Magic      | 1 2 3 4 |  4.0
Earth Magic    | 1 2 3 4 |  4.0
Poison Magic   | 1 2 3 4 |  4.0
Dodging        | 3 4 5 |  5.5
Invocations    | 5 6 7 |  7.1
Axes           | 5 6 |  6.7
Armour         | 5 6 |  6.7
Fighting       | 7 8 |  8.2

Action                   |  1- 3 |  4- 6 |  7- 9 | 10-12 || total
-------------------------+-------+-------+-------+-------++-------
Melee: Hand axe          |    87 |    16 |       |       ||   103
       Bite              |    11 |    13 |    55 |     2 ||    81
       Mace              |    13 |       |    34 |       ||    47
       War axe           |       |   141 |   447 |    11 ||   599
       Punch             |       |     1 |     1 |       ||     2
Throw: Dart              |       |       |    37 |     5 ||    42
Invok: Depart the Abyss  |     1 |       |       |       ||     1
       Bend Space        |       |       |     1 |       ||     1
  Use: Scroll            |     4 |     8 |     9 |       ||    21
       Potion            |       |     2 |     2 |     1 ||     5
Armor: Ring mail         |    42 |       |       |       ||    42
       Leather armour    |     2 |       |       |       ||     2
       Chain mail        |     6 |   141 |   233 |       ||   380
       Plate armour      |       |       |   133 |     9 ||   142
Dodge: Dodged            |    65 |    88 |   207 |     1 ||   361
Block: Buckler           |       |       |   114 |     1 ||   115

Table legend: (Time is in decaauts)
 A = Elapsed time spent in this place.
 B = Non-inter-level travel time spent in this place.
 C = Inter-level travel time spent in this place.
 D = Time resting spent in this place.
 E = Time spent auto-exploring this place.
 F = Levels seen in this place.
 G = Mean time per level.
                   A        B        C        D        E       F      G
               +--------+--------+--------+--------+--------+-----+--------+
         Total |   9617 |   9193 |    424 |    862 |   6232 |  10 |  961.7 |
       Dungeon |   8659 |   8235 |    424 |    572 |   5953 |   8 | 1082.4 |
         Abyss |    104 |    104 |      0 |      0 |     18 |   1 |  104.0 |
         Sewer |    852 |    852 |      0 |    290 |    261 |   1 |  852.0 |
               +--------+--------+--------+--------+--------+-----+--------+

Top non-repeatable levels by time:
     D:7: 2097 daAuts
     D:6: 1542 daAuts
     D:3: 1239 daAuts
     D:5: 1200 daAuts
     D:4: 918 daAuts
     D:1: 904 daAuts
   Sewer: 852 daAuts
     D:2: 742 daAuts
 Abyss:1: 104 daAuts
     D:8: 14 daAuts
